Map: Inferno Pools (Void)

Players

CaptRaynor

  • Race: Protoss Protoss
  • League: Grandmaster

MrLard - Winner!

  • Race: Protoss Protoss
  • League: Grandmaster

VOD

Have the link to the VOD?

Description

Time

  • Played on: June 5, 2015, 2:23 a.m.
  • Length: 18:44
Show
View Real Time Build Order
Export as new Build Order

CaptRaynor Protoss 

Build Orders: Double Forge, Nexus First 

Get SALT Encoding   

  12  0:02  Probe  
  13  0:14  Pylon  
  13  0:31  Probe  
  14  0:46  Probe  
  15  0:59  Nexus  
  15  1:03  Probe  
  16  1:19  Probe (Chrono Boost)  
  17  1:36  Probe (Chrono Boost)  
  17  1:37  Pylon  
  18  1:46  Probe  
  19  2:00  Probe  
  20  2:09  Nexus  
  20  2:14  Pylon  
  20  2:20  Probe x2  
  22  2:32  Probe x2  
  24  2:40  Assimilator  
  24  2:46  Gateway  
  24  2:47  Probe x2, Pylon  
  26  2:55  Pylon  
  26  3:09  Probe x2  
  26  3:25  Probe x3  
  29  3:33  Assimilator  
  29  3:38  Cybernetics Core  
  29  3:40  Forge  
  29  3:41  Forge  
  29  3:44  Gateway  
  29  3:49  Probe x3  
  31  4:11  Probe x3  
  34  4:23  Warp Gate (Chrono Boost)  
  32  4:24  Stalker  
  32  4:28  Probe  
  32  4:29  Probe  
  32  4:30  Mothership Core  
  31  4:41  Stalker  
  31  4:46  Probe x2  
  33  5:21  Probe x3  
  36  5:36  Probe x2  
  36  5:37  Probe  
  38  5:47  Protoss Ground Weapons Level 1 (Chrono Boost)  
  38  5:50  Probe x3  
  38  5:53  Assimilator  
  41  5:57  Assimilator  
  41  6:02  Pylon  
  42  6:04  Probe x3, Pylon  
  44  6:17  Gateway  
  44  6:18  Probe x3  
  44  6:33  Stalker x2  
  48  6:40  Probe  
  48  6:41  Probe x2  
  51  6:56  Protoss Shields Level 1 (Chrono Boost)  
  51  6:59  Gateway  
  51  7:01  Gateway  
  51  7:03  Probe  
  51  7:04  Probe x2, Pylon  
  51  7:06  Pylon  
  54  7:15  Twilight Council  
  54  7:16  Probe x2  
  54  7:17  Probe, Pylon  
  54  7:19  Adept x3  
  62  7:47  Probe  
  62  7:48  Probe x2  
  65  7:52  Assimilator  
  65  7:54  Assimilator  
  65  8:03  Adept x3  
  69  8:10  Nexus  
  66  8:13  Pylon  
  66  8:15  Protoss Ground Weapons Level 2 (Chrono Boost)  
  66  8:17  Pylon  
  63  8:29  Stalker x3  
  63  8:30  Stalker  
  63  8:33  Pylon  
  71  8:39  Probe x2  
  71  8:40  Probe, Shield Upgrade (Chrono Boost)  
  73  8:55  Probe x3  
  76  9:06  Sentry  
  76  9:07  Sentry x4, Protoss Shields Level 2 (Chrono Boost)  
  86  9:17  Probe x3  
  89  9:30  Probe x3  
  89  9:31  Probe  
  93  9:37  Blink (Chrono Boost)  
  93  9:42  Adept x3  
  93  9:44  Stalker x2  
  77  10:11  Stalker x4  
  77  10:12  Stalker  
  87  10:42  Stalker x2  
  73  10:43  Stalker x2  
  73  10:44  Stalker  
  79  10:54  Stargate  
  79  10:55  Probe x4, Protoss Ground Weapons Level 3 (Chrono Boost)  
  83  11:04  Stargate  
  83  11:06  Gateway  
  83  11:07  Protoss Shields Level 3 (Chrono Boost)  
  83  11:09  Probe x2  
  83  11:10  Probe x2  
  87  11:21  Probe  
  87  11:22  Probe x3  
  81  11:34  Probe x4  
  81  11:36  Stalker x3  
  81  11:37  Stalker x2  
  51  12:13  Stalker x6  
  63  12:30  Protoss Air Weapons Level 1 (Chrono Boost)  
  63  12:44  Zealot x2  
  63  12:45  Zealot x4  
  75  13:00  Probe x3  
  75  13:03  Protoss Ground Armor Level 1 (Chrono Boost)  
  78  13:07  Stalker x5  
  78  13:08  Stalker  
  90  13:13  Probe (Chrono Boost)  
  91  13:22  Oracle x2  
  91  13:23  Probe (Chrono Boost)  
  98  13:30  Probe  
  87  13:42  Probe  
  87  13:47  Fleet Beacon  
  88  13:49  Pylon  
  88  13:51  Adept x4  
  88  13:52  Adept x2  
  88  13:54  Probe (Chrono Boost)  
  101  13:56  Assimilator  
  101  14:01  Assimilator  
  101  14:24  Protoss Air Armor Level 1 (Chrono Boost)  
  99  14:48  Nexus  
  77  14:55  Pylon  
  77  14:56  Nexus  
  77  14:57  Pylon  
  75  15:10  Stalker x5  
  75  15:11  Stalker  
  49  17:11  Pylon  
  47  17:16  Gateway, Pylon  
  47  17:20  Gateway, Pylon  
  44  17:25  Gateway  
  40  17:42  Forge  
  40  17:45  Assimilator  
  40  17:50  Assimilator  
  39  18:16  Cybernetics Core  
Show
View Real Time Build Order
Export as new Build Order

MrLard Protoss - Winner!

Build Orders:  

Get SALT Encoding   

  12  0:01  Probe  
  13  0:14  Probe  
  14  0:22  Pylon  
  14  0:35  Assimilator  
  14  0:40  Probe (Chrono Boost)  
  14  0:41  Gateway  
  16  0:51  Probe (Chrono Boost)  
  16  0:57  Probe (Chrono Boost)  
  17  1:09  Probe  
  18  1:13  Pylon  
  18  1:17  Assimilator  
  18  1:21  Probe  
  19  1:32  Cybernetics Core, Zealot  
  21  1:34  Probe (Chrono Boost)  
  22  1:46  Probe (Chrono Boost)  
  22  1:47  Pylon  
  23  1:53  Probe (Chrono Boost)  
  24  2:01  Gateway  
  24  2:14  Adept  
  26  2:16  Warp Gate (Chrono Boost)  
  26  2:29  Mothership Core  
  28  2:48  Nexus  
  28  2:58  Pylon  
  26  3:14  Adept x2 (Chrono Boost)  
  30  3:25  Probe (Chrono Boost)  
  32  3:35  Probe (Chrono Boost)  
  32  3:45  Probe (Chrono Boost)  
  32  3:48  Stargate  
  33  3:52  Stargate  
  33  3:54  Probe (Chrono Boost)  
  34  4:02  Probe  
  33  4:12  Probe  
  33  4:14  Probe  
  35  4:21  Assimilator  
  35  4:24  Probe  
  35  4:26  Assimilator  
  36  4:48  Protoss Air Armor Level 1 (Chrono Boost)  
  36  4:56  Cybernetics Core, Fleet Beacon  
  36  4:58  Probe x2  
  38  5:10  Probe (Chrono Boost)  
  38  5:11  Probe (Chrono Boost)  
  40  5:23  Probe (Chrono Boost)  
  40  5:24  Nexus  
  40  5:26  Pylon  
  41  5:29  Carrier (Chrono Boost)  
  41  5:42  Graviton Catapult (Chrono Boost)  
  47  5:52  Carrier (Chrono Boost)  
  47  5:54  Probe  
  54  6:09  Probe x2  
  56  6:15  Pylon  
  56  6:21  Probe  
  57  6:28  Carrier (Chrono Boost)  
  57  6:40  Probe x3  
  60  6:52  Probe x2  
  60  6:53  Probe  
  69  6:56  Protoss Air Weapons Level 1 (Chrono Boost)  
  69  7:03  Protoss Air Armor Level 2 (Chrono Boost)  
  69  7:04  Probe x2  
  69  7:05  Probe  
  72  7:16  Probe  
  72  7:17  Probe  
  72  7:18  Probe  
  72  7:19  Pylon  
  75  7:28  Carrier x2 (Chrono Boost)  
  75  7:29  Probe  
  86  7:56  Probe x2  
  88  7:59  Probe, Assimilator  
  88  8:01  Assimilator  
  88  8:02  Pylon  
  89  8:07  Gateway  
  89  8:08  Probe, Gateway  
  89  8:10  Pylon  
  90  8:15  Carrier (Chrono Boost)  
  90  8:22  Carrier (Chrono Boost)  
  96  8:44  Protoss Air Weapons Level 2 (Chrono Boost)  
  100  9:00  Carrier (Chrono Boost)  
  100  9:01  Forge  
  100  9:02  Probe (Chrono Boost)  
  103  9:08  Probe x2 (Chrono Boost)  
  103  9:12  Robotics Facility  
  103  9:19  Protoss Air Armor Level 3 (Chrono Boost)  
  109  9:33  Nexus  
  109  9:35  Carrier  
  109  9:36  Pylon  
  109  9:45  Pylon  
  115  10:03  Probe (Chrono Boost)  
  118  10:09  Probe x2 (Chrono Boost)  
  118  10:15  Robotics Facility  
  118  10:17  Probe x2 (Chrono Boost)  
  118  10:18  Pylon  
  118  10:20  Robotics Facility  
  118  10:27  Protoss Shields Level 1 (Chrono Boost), Probe (Chrono Boost)  
  112  10:30  Probe (Chrono Boost)  
  112  10:33  Probe (Chrono Boost)  
  108  10:39  Probe (Chrono Boost)  
  108  10:40  Probe (Chrono Boost)  
  110  10:53  Probe x4  
  114  11:02  Assimilator  
  114  11:04  Assimilator  
  114  11:05  Probe x4  
  114  11:09  Immortal x2 (Chrono Boost)  
  126  11:19  Protoss Air Weapons Level 3 (Chrono Boost)  
  120  12:28  Immortal x3 (Chrono Boost)  
  132  12:34  Protoss Ground Weapons Level 1 (Chrono Boost)  
  132  12:50  Probe x3  
  132  12:51  Probe  
  136  13:18  Nexus  
  136  13:26  Nexus  
  135  13:27  Pylon  
  124  13:37  Immortal x3 (Chrono Boost)  
  130  14:11  Pylon  
  130  14:13  Pylon  
  130  14:16  Pylon  
  130  14:21  Pylon  
  130  14:23  Immortal x2 (Chrono Boost)  
  142  14:30  Immortal (Chrono Boost)  
  142  14:35  Pylon  
  142  14:36  Pylon  
  142  14:45  Stalker x4  
  142  14:55  Immortal (Chrono Boost)  
  141  15:07  Immortal (Chrono Boost)  
  149  15:15  Immortal (Chrono Boost)  
  148  15:35  Zealot x4  
  142  15:43  Pylon  
  142  15:45  Pylon  
  142  15:47  Pylon  
  142  15:49  Pylon  
  132  16:17  Stalker x2  
  132  16:18  Stalker x2  
  132  16:23  Phoenix  
  120  17:43  Probe (Chrono Boost)  
  126  17:44  Probe (Chrono Boost)  
  126  17:48  Probe x3 (Chrono Boost)  
  126  17:49  Probe (Chrono Boost)  
  126  17:57  Probe x2 (Chrono Boost)  
  128  18:09  Probe x3  
Tags
 
Add a new tag
Caveats
  • Supply blocks, unpowered buildings, or Contaminate may cause inaccurate times.
  • Supply counts are checked every 10 seconds.